Workbook

Sheet Vendas_Calculos
A1: Cálculo Comercial e Tributário — Vendas
A2: Base operacional para apuração de receita, custos, impostos, margem e resultado líquido por venda.
A4: ID da venda | B4: Data | C4: Cliente | D4: Cidade/UF | E4: Produto/serviço | F4: Categoria | G4: Regime tributário | H4: Quantidade | I4: Custo unitário | J4: Preço unitário | K4: Desconto (%) | L4: Receita bruta | M4: Desconto em R$ | N4: Receita líquida | O4: Alíquota tributária (%) | P4: Impostos | Q4: Despesas operacionais | R4: Custo total | S4: Lucro líquido | T4: Margem líquida (%) | U4: Situação
A5: 1001 | B5: 46037 | C5: João Silva | D5: São Paulo/SP | E5: Consultoria Empresarial | F5: Serviços | G5: Simples Nacional | H5: 10 | I5: 120 | J5: 350 | K5: 0.05 | L5: 400 | M5: =IF($A5="","",$L5*$K5) | N5: =IF($A5="","",$L5-$M5) | O5: =IF($A5="","",IFERROR(VLOOKUP($G5,'Parâmetros'!$A$5:$B$104,2,FALSE),0)) | P5: =IF($A5="","",$N5*$O5) | R5: =IF($A5="","",$H5*$I5+$Q5) | S5: =IF($A5="","",$N5-$P5-$R5) | T5: =IF($A5="","",IFERROR($S5/$N5,0)) | U5: =IF($A5="","",IF($T5>=20%,"Rentável",IF($T5>=0,"Atenção","Prejuízo")))
A6: 1002 | B6: 46065 | C6: Maria Oliveira | D6: Rio de Janeiro/RJ | E6: Manutenção Preventiva | F6: Serviços | G6: MEI | H6: 4 | I6: 180 | J6: 300 | K6: 0 | L6: 500 | M6: =IF($A6="","",$L6*$K6) | N6: =IF($A6="","",$L6-$M6) | O6: =IF($A6="","",IFERROR(VLOOKUP($G6,'Parâmetros'!$A$5:$B$104,2,FALSE),0)) | P6: =IF($A6="","",$N6*$O6) | R6: =IF($A6="","",$H6*$I6+$Q6) | S6: =IF($A6="","",$N6-$P6-$R6) | T6: =IF($A6="","",IFERROR($S6/$N6,0)) | U6: =IF($A6="","",IF($T6>=20%,"Rentável",IF($T6>=0,"Atenção","Prejuízo")))
A7: 1003 | B7: 46089 | C7: Pedro Santos | D7: Belo Horizonte/MG | E7: Licença de Software | F7: Software | G7: Lucro Presumido | H7: 15 | I7: 40 | J7: 120 | K7: 0.1 | L7: 300 | M7: =IF($A7="","",$L7*$K7) | N7: =IF($A7="","",$L7-$M7) | O7: =IF($A7="","",IFERROR(VLOOKUP($G7,'Parâmetros'!$A$5:$B$104,2,FALSE),0)) | P7: =IF($A7="","",$N7*$O7) | R7: =IF($A7="","",$H7*$I7+$Q7) | S7: =IF($A7="","",$N7-$P7-$R7) | T7: =IF($A7="","",IFERROR($S7/$N7,0)) | U7: =IF($A7="","",IF($T7>=20%,"Rentável",IF($T7>=0,"Atenção","Prejuízo")))
A8: 1004 | B8: 46134 | C8: Ana Souza | D8: Curitiba/PR | E8: Treinamento Técnico | F8: Treinamento | G8: Lucro Real | H8: 8 | I8: 100 | J8: 180 | K8: 0 | L8: 200 | M8: =IF($A8="","",$L8*$K8) | N8: =IF($A8="","",$L8-$M8) | O8: =IF($A8="","",IFERROR(VLOOKUP($G8,'Parâmetros'!$A$5:$B$104,2,FALSE),0)) | P8: =IF($A8="","",$N8*$O8) | R8: =IF($A8="","",$H8*$I8+$Q8) | S8: =IF($A8="","",$N8-$P8-$R8) | T8: =IF($A8="","",IFERROR($S8/$N8,0)) | U8: =IF($A8="","",IF($T8>=20%,"Rentável",IF($T8>=0,"Atenção","Prejuízo")))
A9: 1005 | B9: 46159 | C9: Carlos Pereira | D9: Porto Alegre/RS | E9: Equipamento Industrial | F9: Equipamentos | G9: Simples Nacional | H9: 3 | I9: 900 | J9: 1400 | K9: 0.05 | L9: 600 | M9: =IF($A9="","",$L9*$K9) | N9: =IF($A9="","",$L9-$M9) | O9: =IF($A9="","",IFERROR(VLOOKUP($G9,'Parâmetros'!$A$5:$B$104,2,FALSE),0)) | P9: =IF($A9="","",$N9*$O9) | R9: =IF($A9="","",$H9*$I9+$Q9) | S9: =IF($A9="","",$N9-$P9-$R9) | T9: =IF($A9="","",IFERROR($S9/$N9,0)) | U9: =IF($A9="","",IF($T9>=20%,"Rentável",IF($T9>=0,"Atenção","Prejuízo")))
A10: 1006 | B10: 46183 | C10: Juliana Costa | D10: Salvador/BA | E10: Consultoria Financeira | F10: Serviços | G10: MEI | H10: 6 | I10: 200 | J10: 600 | K10: 0 | L10: 350 | M10: =IF($A10="","",$L10*$K10) | N10: =IF($A10="","",$L10-$M10) | O10: =IF($A10="","",IFERROR(VLOOKUP($G10,'Parâmetros'!$A$5:$B$104,2,FALSE),0)) | P10: =IF($A10="","",$N10*$O10) | R10: =IF($A10="","",$H10*$I10+$Q10) | S10: =IF($A10="","",$N10-$P10-$R10) | T10: =IF($A10="","",IFERROR($S10/$N10,0)) | U10: =IF($A10="","",IF($T10>=20%,"Rentável",IF($T10>=0,"Atenção","Prejuízo")))
A11: 1007 | B11: 46222 | C11: Rafael Almeida | D11: Recife/PE | E11: Manutenção Corretiva | F11: Serviços | G11: Lucro Presumido | H11: 5 | I11: 250 | J11: 360 | K11: 0 | L11: 800 | M11: =IF($A11="","",$L11*$K11) | N11: =IF($A11="","",$L11-$M11) | O11: =IF($A11="","",IFERROR(VLOOKUP($G11,'Parâmetros'!$A$5:$B$104,2,FALSE),0)) | P11: =IF($A11="","",$N11*$O11) | R11: =IF($A11="","",$H11*$I11+$Q11) | S11: =IF($A11="","",$N11-$P11-$R11) | T11: =IF($A11="","",IFERROR($S11/$N11,0)) | U11: =IF($A11="","",IF($T11>=20%,"Rentável",IF($T11>=0,"Atenção","Prejuízo")))
A12: 1008 | B12: 46248 | C12: Camila Ferreira | D12: Fortaleza/CE | E12: Software de Gestão | F12: Software | G12: Lucro Real | H12: 20 | I12: 25 | J12: 95 | K12: 0.05 | L12: 500 | M12: =IF($A12="","",$L12*$K12) | N12: =IF($A12="","",$L12-$M12) | O12: =IF($A12="","",IFERROR(VLOOKUP($G12,'Parâmetros'!$A$5:$B$104,2,FALSE),0)) | P12: =IF($A12="","",$N12*$O12) | R12: =IF($A12="","",$H12*$I12+$Q12) | S12: =IF($A12="","",$N12-$P12-$R12) | T12: =IF($A12="","",IFERROR($S12/$N12,0)) | U12: =IF($A12="","",IF($T12>=20%,"Rentável",IF($T12>=0,"Atenção","Prejuízo")))
A13: 1009 | B13: 46270 | C13: Lucas Rodrigues | D13: Brasília/DF | E13: Treinamento de Liderança | F13: Treinamento | G13: Simples Nacional | H13: 12 | I13: 60 | J13: 150 | K13: 0 | L13: 250 | M13: =IF($A13="","",$L13*$K13) | N13: =IF($A13="","",$L13-$M13) | O13: =IF($A13="","",IFERROR(VLOOKUP($G13,'Parâmetros'!$A$5:$B$104,2,FALSE),0)) | P13: =IF($A13="","",$N13*$O13) | R13: =IF($A13="","",$H13*$I13+$Q13) | S13: =IF($A13="","",$N13-$P13-$R13) | T13: =IF($A13="","",IFERROR($S13/$N13,0)) | U13: =IF($A13="","",IF($T13>=20%,"Rentável",IF($T13>=0,"Atenção","Prejuízo")))
A14: 1010 | B14: 46283 | C14: Fernanda Lima | D14: Campinas/SP | E14: Equipamento de Rede | F14: Equipamentos | G14: Lucro Presumido | H14: 2 | I14: 1250 | J14: 1500 | K14: 0.1 | L14: 900 | M14: =IF($A14="","",$L14*$K14) | N14: =IF($A14="","",$L14-$M14) | O14: =IF($A14="","",IFERROR(VLOOKUP($G14,'Parâmetros'!$A$5:$B$104,2,FALSE),0)) | P14: =IF($A14="","",$N14*$O14) | R14: =IF($A14="","",$H14*$I14+$Q14) | S14: =IF($A14="","",$N14-$P14-$R14) | T14: =IF($A14="","",IFERROR($S14/$N14,0)) | U14: =IF($A14="","",IF($T14>=20%,"Rentável",IF($T14>=0,"Atenção","Prejuízo")))
L15: =IF($A15="","",$H15*$J15) | M15: =IF($A15="","",$L15*$K15) | N15: =IF($A15="","",$L15-$M15) | O15: =IF($A15="","",IFERROR(VLOOKUP($G15,'Parâmetros'!$A$5:$B$104,2,FALSE),0)) | P15: =IF($A15="","",$N15*$O15) | R15: =IF($A15="","",$H15*$I15+$Q15) | S15: =IF($A15="","",$N15-$P15-$R15) | T15: =IF($A15="","",IFERROR($S15/$N15,0)) | U15: =IF($A15="","",IF($T15>=20%,"Rentável",IF($T15>=0,"Atenção","Prejuízo")))
L16: =IF($A16="","",$H16*$J16) | M16: =IF($A16="","",$L16*$K16) | N16: =IF($A16="","",$L16-$M16) | O16: =IF($A16="","",IFERROR(VLOOKUP($G16,'Parâmetros'!$A$5:$B$104,2,FALSE),0)) | P16: =IF($A16="","",$N16*$O16) | R16: =IF($A16="","",$H16*$I16+$Q16) | S16: =IF($A16="","",$N16-$P16-$R16) | T16: =IF($A16="","",IFERROR($S16/$N16,0)) | U16: =IF($A16="","",IF($T16>=20%,"Rentável",IF($T16>=0,"Atenção","Prejuízo")))
L17: =IF($A17="","",$H17*$J17) | M17: =IF($A17="","",$L17*$K17) | N17: =IF($A17="","",$L17-$M17) | O17: =IF($A17="","",IFERROR(VLOOKUP($G17,'Parâmetros'!$A$5:$B$104,2,FALSE),0)) | P17: =IF($A17="","",$N17*$O17) | R17: =IF($A17="","",$H17*$I17+$Q17) | S17: =IF($A17="","",$N17-$P17-$R17) | T17: =IF($A17="","",IFERROR($S17/$N17,0)) | U17: =IF($A17="","",IF($T17>=20%,"Rentável",IF($T17>=0,"Atenção","Prejuízo")))
L18: =IF($A18="","",$H18*$J18) | M18: =IF($A18="","",$L18*$K18) | N18: =IF($A18="","",$L18-$M18) | O18: =IF($A18="","",IFERROR(VLOOKUP($G18,'Parâmetros'!$A$5:$B$104,2,FALSE),0)) | P18: =IF($A18="","",$N18*$O18) | R18: =IF($A18="","",$H18*$I18+$Q18) | S18: =IF($A18="","",$N18-$P18-$R18) | T18: =IF($A18="","",IFERROR($S18/$N18,0)) | U18: =IF($A18="","",IF($T18>=20%,"Rentável",IF($T18>=0,"Atenção","Prejuízo")))
L19: =IF($A19="","",$H19*$J19) | M19: =IF($A19="","",$L19*$K19) | N19: =IF($A19="","",$L19-$M19) | O19: =IF($A19="","",IFERROR(VLOOKUP($G19,'Parâmetros'!$A$5:$B$104,2,FALSE),0)) | P19: =IF($A19="","",$N19*$O19) | R19: =IF($A19="","",$H19*$I19+$Q19) | S19: =IF($A19="","",$N19-$P19-$R19) | T19: =IF($A19="","",IFERROR($S19/$N19,0)) | U19: =IF($A19="","",IF($T19>=20%,"Rentável",IF($T19>=0,"Atenção","Prejuízo")))
L20: =IF($A20="","",$H20*$J20) | M20: =IF($A20="","",$L20*$K20) | N20: =IF($A20="","",$L20-$M20) | O20: =IF($A20="","",IFERROR(VLOOKUP($G20,'Parâmetros'!$A$5:$B$104,2,FALSE),0)) | P20: =IF($A20="","",$N20*$O20) | R20: =IF($A20="","",$H20*$I20+$Q20) | S20: =IF($A20="","",$N20-$P20-$R20) | T20: =IF($A20="","",IFERROR($S20/$N20,0)) | U20: =IF($A20="","",IF($T20>=20%,"Rentável",IF($T20>=0,"Atenção","Prejuízo")))
L21: =IF($A21="","",$H21*$J21) | M21: =IF($A21="","",$L21*$K21) | N21: =IF($A21="","",$L21-$M21) | O21: =IF($A21="","",IFERROR(VLOOKUP($G21,'Parâmetros'!$A$5:$B$104,2,FALSE),0)) | P21: =IF($A21="","",$N21*$O21) | R21: =IF($A21="","",$H21*$I21+$Q21) | S21: =IF($A21="","",$N21-$P21-$R21) | T21: =IF($A21="","",IFERROR($S21/$N21,0)) | U21: =IF($A21="","",IF($T21>=20%,"Rentável",IF($T21>=0,"Atenção","Prejuízo")))
L22: =IF($A22="","",$H22*$J22) | M22: =IF($A22="","",$L22*$K22) | N22: =IF($A22="","",$L22-$M22) | O22: =IF($A22="","",IFERROR(VLOOKUP($G22,'Parâmetros'!$A$5:$B$104,2,FALSE),0)) | P22: =IF($A22="","",$N22*$O22) | R22: =IF($A22="","",$H22*$I22+$Q22) | S22: =IF($A22="","",$N22-$P22-$R22) | T22: =IF($A22="","",IFERROR($S22/$N22,0)) | U22: =IF($A22="","",IF($T22>=20%,"Rentável",IF($T22>=0,"Atenção","Prejuízo")))
L23: =IF($A23="","",$H23*$J23) | M23: =IF($A23="","",$L23*$K23) | N23: =IF($A23="","",$L23-$M23) | O23: =IF($A23="","",IFERROR(VLOOKUP($G23,'Parâmetros'!$A$5:$B$104,2,FALSE),0)) | P23: =IF($A23="","",$N23*$O23) | R23: =IF($A23="","",$H23*$I23+$Q23) | S23: =IF($A23="","",$N23-$P23-$R23) | T23: =IF($A23="","",IFERROR($S23/$N23,0)) | U23: =IF($A23="","",IF($T23>=20%,"Rentável",IF($T23>=0,"Atenção","Prejuízo")))
L24: =IF($A24="","",$H24*$J24) | M24: =IF($A24="","",$L24*$K24) | N24: =IF($A24="","",$L24-$M24) | O24: =IF($A24="","",IFERROR(VLOOKUP($G24,'Parâmetros'!$A$5:$B$104,2,FALSE),0)) | P24: =IF($A24="","",$N24*$O24) | R24: =IF($A24="","",$H24*$I24+$Q24) | S24: =IF($A24="","",$N24-$P24-$R24) | T24: =IF($A24="","",IFERROR($S24/$N24,0)) | U24: =IF($A24="","",IF($T24>=20%,"Rentável",IF($T24>=0,"Atenção","Prejuízo")))
L25: =IF($A25="","",$H25*$J25) | M25: =IF($A25="","",$L25*$K25) | N25: =IF($A25="","",$L25-$M25) | O25: =IF($A25="","",IFERROR(VLOOKUP($G25,'Parâmetros'!$A$5:$B$104,2,FALSE),0)) | P25: =IF($A25="","",$N25*$O25) | R25: =IF($A25="","",$H25*$I25+$Q25) | S25: =IF($A25="","",$N25-$P25-$R25) | T25: =IF($A25="","",IFERROR($S25/$N25,0)) | U25: =IF($A25="","",IF($T25>=20%,"Rentável",IF($T25>=0,"Atenção","Prejuízo")))
L26: =IF($A26="","",$H26*$J26) | M26: =IF($A26="","",$L26*$K26) | N26: =IF($A26="","",$L26-$M26) | O26: =IF($A26="","",IFERROR(VLOOKUP($G26,'Parâmetros'!$A$5:$B$104,2,FALSE),0)) | P26: =IF($A26="","",$N26*$O26) | R26: =IF($A26="","",$H26*$I26+$Q26) | S26: =IF($A26="","",$N26-$P26-$R26) | T26: =IF($A26="","",IFERROR($S26/$N26,0)) | U26: =IF($A26="","",IF($T26>=20%,"Rentável",IF($T26>=0,"Atenção","Prejuízo")))
... L104: =IF($A104="","",$H104*$J104) | M104: =IF($A104="","",$L104*$K104) | N104: =IF($A104="","",$L104-$M104) | O104: =IF($A104="","",IFERROR(VLOOKUP($G104,'Parâmetros'!$A$5:$B$104,2,FALSE),0)) | P104: =IF($A104="","",$N104*$O104) | R104: =IF($A104="","",$H104*$I104+$Q104) | S104: =IF($A104="","",$N104-$P104-$R104) | T104: =IF($A104="","",IFERROR($S104/$N104,0)) | U104: =IF($A104="","",IF($T104>=20%,"Rentável",IF($T104>=0,"Atenção","Prejuízo")))

Sheet Parâmetros
A1: Parâmetros Tributários e Indicadores
A2: Alíquotas e metas são parâmetros editáveis. Valide os percentuais conforme o enquadramento fiscal da empresa.
A4: Regime tributário | B4: Alíquota padrão | C4: Meta de margem | D4: Observações | F4: Indicador | G4: Resultado
A5: Simples Nacional | B5: 0.06 | C5: 0.2 | D5: Alíquota editável conforme faixa e anexo aplicável. | F5: Total de vendas | G5: =COUNTIF('Vendas_Calculos'!$A$5:$A$104,">0")
A6: MEI | B6: 0 | C6: 0.25 | D6: Sem percentual de imposto sobre a venda nesta simulação. | F6: Receita líquida total | G6: =SUM('Vendas_Calculos'!$N$5:$N$104)
A7: Lucro Presumido | B7: 0.1333 | C7: 0.22 | D7: Percentual consolidado para simulação comercial. | F7: Impostos totais | G7: =SUM('Vendas_Calculos'!$P$5:$P$104)
A8: Lucro Real | B8: 0.15 | C8: 0.25 | D8: Percentual consolidado para simulação comercial. | F8: Lucro líquido total | G8: =SUM('Vendas_Calculos'!$S$5:$S$104)
F9: Margem média | G9: =IFERROR(AVERAGE('Vendas_Calculos'!$T$5:$T$104),0)
F10: Vendas rentáveis | G10: =COUNTIF('Vendas_Calculos'!$U$5:$U$104,"Rentável")

Sheet Dashboard
A1: Dashboard Executivo — Cálculo Comercial e Tributário
A2: Consolidação de desempenho comercial, carga tributária, custo operacional e rentabilidade das vendas registradas.
A4: Receita líquida | C4: Total de impostos | E4: Custos totais | G4: Lucro líquido | I4: Margem média | K4: Vendas rentáveis
A5: =SUM('Vendas_Calculos'!$N$5:$N$104) | C5: =SUM('Vendas_Calculos'!$P$5:$P$104) | E5: =SUM('Vendas_Calculos'!$R$5:$R$104) | G5: =SUM('Vendas_Calculos'!$S$5:$S$104) | I5: =IFERROR(AVERAGE('Vendas_Calculos'!$T$5:$T$104),0) | K5: =COUNTIF('Vendas_Calculos'!$U$5:$U$104,"Rentável")
A9: Categoria | B9: Receita líquida | C9: Lucro líquido | E9: Regime tributário | F9: Quantidade de vendas | H9: Mês | I9: Receita líquida
A10: Serviços | B10: =SUMIF('Vendas_Calculos'!$F$5:$F$104,$A10,'Vendas_Calculos'!$N$5:$N$104) | C10: =SUMIF('Vendas_Calculos'!$F$5:$F$104,$A10,'Vendas_Calculos'!$S$5:$S$104) | E10: Simples Nacional | F10: =COUNTIF('Vendas_Calculos'!$G$5:$G$104,$E10) | H10: 46023 | I10: =SUMIFS('Vendas_Calculos'!$N$5:$N$104,'Vendas_Calculos'!$D$5:$D$104,">="&$H10,'Vendas_Calculos'!$D$5:$D$104,"<="&$J10) | J10: 46053
A11: Software | B11: =SUMIF('Vendas_Calculos'!$F$5:$F$104,$A11,'Vendas_Calculos'!$N$5:$N$104) | C11: =SUMIF('Vendas_Calculos'!$F$5:$F$104,$A11,'Vendas_Calculos'!$S$5:$S$104) | E11: MEI | F11: =COUNTIF('Vendas_Calculos'!$G$5:$G$104,$E11) | H11: 46054 | I11: =SUMIFS('Vendas_Calculos'!$N$5:$N$104,'Vendas_Calculos'!$D$5:$D$104,">="&$H11,'Vendas_Calculos'!$D$5:$D$104,"<="&$J11) | J11: 46081
A12: Treinamento | B12: =SUMIF('Vendas_Calculos'!$F$5:$F$104,$A12,'Vendas_Calculos'!$N$5:$N$104) | C12: =SUMIF('Vendas_Calculos'!$F$5:$F$104,$A12,'Vendas_Calculos'!$S$5:$S$104) | E12: Lucro Presumido | F12: =COUNTIF('Vendas_Calculos'!$G$5:$G$104,$E12) | H12: 46082 | I12: =SUMIFS('Vendas_Calculos'!$N$5:$N$104,'Vendas_Calculos'!$D$5:$D$104,">="&$H12,'Vendas_Calculos'!$D$5:$D$104,"<="&$J12) | J12: 46112
A13: Equipamentos | B13: =SUMIF('Vendas_Calculos'!$F$5:$F$104,$A13,'Vendas_Calculos'!$N$5:$N$104) | C13: =SUMIF('Vendas_Calculos'!$F$5:$F$104,$A13,'Vendas_Calculos'!$S$5:$S$104) | E13: Lucro Real | F13: =COUNTIF('Vendas_Calculos'!$G$5:$G$104,$E13) | H13: 46113 | I13: =SUMIFS('Vendas_Calculos'!$N$5:$N$104,'Vendas_Calculos'!$D$5:$D$104,">="&$H13,'Vendas_Calculos'!$D$5:$D$104,"<="&$J13) | J13: 46142
H14: 46143 | I14: =SUMIFS('Vendas_Calculos'!$N$5:$N$104,'Vendas_Calculos'!$D$5:$D$104,">="&$H14,'Vendas_Calculos'!$D$5:$D$104,"<="&$J14) | J14: 46173
H15: 46174 | I15: =SUMIFS('Vendas_Calculos'!$N$5:$N$104,'Vendas_Calculos'!$D$5:$D$104,">="&$H15,'Vendas_Calculos'!$D$5:$D$104,"<="&$J15) | J15: 46203
H16: 46204 | I16: =SUMIFS('Vendas_Calculos'!$N$5:$N$104,'Vendas_Calculos'!$D$5:$D$104,">="&$H16,'Vendas_Calculos'!$D$5:$D$104,"<="&$J16) | J16: 46234
H17: 46235 | I17: =SUMIFS('Vendas_Calculos'!$N$5:$N$104,'Vendas_Calculos'!$D$5:$D$104,">="&$H17,'Vendas_Calculos'!$D$5:$D$104,"<="&$J17) | J17: 46265
H18: 46266 | I18: =SUMIFS('Vendas_Calculos'!$N$5:$N$104,'Vendas_Calculos'!$D$5:$D$104,">="&$H18,'Vendas_Calculos'!$D$5:$D$104,"<="&$J18) | J18: 46295
H19: 46296 | I19: =SUMIFS('Vendas_Calculos'!$N$5:$N$104,'Vendas_Calculos'!$D$5:$D$104,">="&$H19,'Vendas_Calculos'!$D$5:$D$104,"<="&$J19) | J19: 46326
H20: 46327 | I20: =SUMIFS('Vendas_Calculos'!$N$5:$N$104,'Vendas_Calculos'!$D$5:$D$104,">="&$H20,'Vendas_Calculos'!$D$5:$D$104,"<="&$J20) | J20: 46356
H21: 46357 | I21: =SUMIFS('Vendas_Calculos'!$N$5:$N$104,'Vendas_Calculos'!$D$5:$D$104,">="&$H21,'Vendas_Calculos'!$D$5:$D$104,"<="&$J21) | J21: 46387

Sheet Instruções
A1: Instruções de Uso — Cálculo Comercial e Tributário
A3: Como utilizar
A4: 1. Registre ou edite as vendas na planilha Vendas_Calculos. Os campos em amarelo-claro são entradas manuais.
A5: 2. Preencha ID, data, cliente, cidade, produto, categoria, regime, quantidade, custo, preço, desconto e despesas operacionais.
A6: 3. As colunas de receita, impostos, custos, lucro, margem e situação são calculadas automaticamente.
A7: 4. Ajuste as alíquotas e metas na planilha Parâmetros conforme a realidade fiscal e comercial da empresa.
A8: 5. Utilize o Dashboard para analisar resultado líquido, distribuição tributária e evolução mensal de faturamento.
A10: Planilha | B10: Finalidade
A11: Vendas_Calculos | B11: Base operacional com até 100 linhas preparadas para registrar vendas, custos, descontos, impostos e resultado.
A12: Parâmetros | B12: Tabela de referência para regimes tributários, alíquotas, metas de margem e indicadores consolidados.
A13: Dashboard | B13: Painel executivo com cartões, consolidações por categoria e regime, além de gráficos de desempenho.
A14: Instruções | B14: Guia de preenchimento, critérios de cálculo e interpretação do workbook.
A17: Critérios de cálculo
A18: Receita bruta = Quantidade × Preço unitário.
A19: Receita líquida = Receita bruta − Desconto em R$.
A20: Impostos = Receita líquida × Alíquota tributária do regime selecionado.
A21: Custo total = Quantidade × Custo unitário + Despesas operacionais.
A22: Lucro líquido = Receita líquida − Impostos − Custo total.
A23: Situação: Rentável para margem igual ou superior a 20%; Atenção entre 0% e 19,99%; Prejuízo abaixo de 0%.
